 Dungeon Crawl Stone Soup version 0.21.0 (webtiles) character file.

2920 vatarom the Summoner (level 9, -8/54 HPs)
             Began as a Deep Elf Summoner on Jan 5, 2018.
             Shot with a sling bullet by Joseph (21 damage)
             ... on level 9 of the Dungeon.
             The game lasted 00:23:23 (9340 turns).

vatarom the Summoner (Deep Elf Summoner)            Turns: 9340, Time: 00:23:23

Health: -8/54      AC:  6    Str: 10    XL:     9   Next: 50%
Magic:  23/39      EV: 13    Int: 25    God:
Gold:   376        SH:  0    Dex: 15    Spells: 12/26 levels left

rFire    + + .     SeeInvis .   n - staff of power
rCold    + + .     Gourm    .   (no shield)
rNeg     . . .     Faith    .   v - +2 robe {rC+ rF+}
rPois    .         Spirit   .   (no helmet)
rElec    .         Reflect  .   m - +0 cloak
rCorr    .         Harm     .   (no gloves)
MR       .....                  e - +0 pair of boots
Stlth    ++........             (no amulet)
HPRegen  0.18/turn              f - +4 ring of intelligence
MPRegen  0.26/turn              a - ring of protection from cold

@: drained
A: fire resistance 1, strong 1
a: no special abilities


You were on level 9 of the Dungeon.
You were not hungry.

You visited 1 branch of the dungeon, and saw 9 of its levels.
You also visited: Bailey.

You collected 376 gold pieces.

Inventory:

Hand Weapons
 d - the +8 mace "Gegi Holia" {drain, Dex+4}
   (You found it on level 6 of the Dungeon)

   A truly terrible weapon, it drains the life of those it strikes.
   It affects your dexterity (+4).
Armour
 e - a +0 pair of boots (worn)
 m - a +0 cloak (worn)
 v - a +2 robe of resistance (worn)
Magical Staves
 n - an uncursed staff of power (weapon)
Jewellery
 a - a ring of protection from cold (right hand)
 f - a +4 ring of intelligence (left hand)
 o - an uncursed ring of protection from fire
Wands
 h - a wand of polymorph (13)
 r - a wand of disintegration (22)
 x - a wand of acid (14)
 y - a wand of random effects (20)
 z - a wand of flame (33)
Scrolls
 g - 5 scrolls of enchant armour
 i - 2 scrolls of identify
 j - 2 scrolls of magic mapping
 k - 5 scrolls of teleportation
 p - a scroll of fog
 q - a scroll of amnesia
Potions
 l - 6 potions of curing
 s - a potion of lignification {unknown}
 t - a potion of flight
 u - a potion of cancellation
 w - a potion of might {unknown}
Books
 b - a book of Callings

   Spells                             Type                      Level
   a - Summon Small Mammal            Summoning                    1
   b - Call Imp                       Summoning                    2
   c - Call Canine Familiar           Summoning                    3
   d - Summon Guardian Golem          Hexes/Summoning              3
   e - Summon Lightning Spire         Summoning/Air                4
   f - Summon Ice Beast               Ice/Summoning                4
Comestibles
 c - 15 rations


   Skills:
 + Level 5.2(4.9) Fighting
 - Level 2.4(2.1) Dodging
 - Level 2.4(2.1) Stealth
 + Level 9.0(8.7) Spellcasting
 * Level 10.8(10.5) Summonings
 - Level 2.1(1.8) Air Magic


You had 12 spell levels left.
You knew the following spells:

 Your Spells              Type           Power        Failure   Level  Hunger
a - Summon Small Mammal   Summ           ####         1%          1    None
b - Call Imp              Summ           ######..     1%          2    None
c - Call Canine Familiar  Summ           ######..     1%          3    None
d - Summon Lightning Spi  Summ/Air       #####...     4%          4    ##.....
e - Summon Ice Beast      Ice/Summ       #####...     6%          4    ##.....


Dungeon Overview and Level Annotations

Branches:
Dungeon (9/15)             Temple (0/1) D:6
   Lair: D:8-11         Orc: D:9-12

Altars:
Ashenzari
Cheibriados
Dithmenos
Elyvilon
Hepliaklqana
Kikubaaqudgha
Qazlal
Uskayaw
Vehumet
Wu Jian
Xom
Zin
The Shining One

Annotations:
D:9 Joseph


Innate Abilities, Weirdness & Mutations

Your flesh is heat resistant. (rF+)
Your muscles are strong. (Str +2)


Message History

Joseph shoots a sling bullet.
The sling bullet hits you but does no damage.
Unknown command.
Casting: Summon Ice Beast
Confirm with . or Enter, or press ? or * to list all spells.
A chill wind blows around you.
Your wolf bites Joseph.
The bolt of electricity hits your lightning spire.
Your lightning spire completely resists.
A bolt of electricity appears from out of your range of vision.
The bolt of electricity hits your wolf.
Your wolf dies!
Your wolf's corpse disappears in a puff of smoke!
Casting: Summon Ice Beast
Confirm with . or Enter, or press ? or * to list all spells.
A chill wind blows around you.
Joseph shoots a sling bullet.
The sling bullet hits you!
* * * LOW HITPOINT WARNING * * *
Unknown command.
You swap places.
Joseph shoots a sling bullet.
The sling bullet hits you!!
You die...

#..†'_+..##.#
#..≈#+#≈###.## #..≈§.≈≈#
#†.#
####.....######.#########
...'[....................
####.....######..########
#############.######
#...........#
#.....@.....#
#...Y.Y....(#
#.......Y...#
#.......@...#
#########(### #...8#
#....# #.@...( ....../.


You could see Joseph, 3 friendly ice beasts and a friendly lightning spire.

Vanquished Creatures
  A bullfrog (D:6)
  A wyvern zombie (D:7)
  A scorpion (D:7)
  A wight (D:8)
  A hound (D:6)
  An orc wizard (D:7)
  A worker ant (D:6)
  3 adders
  2 dart slugs (D:2)
  3 orcs
  A ball python (D:3)
  5 giant cockroaches
  4 goblins
  2 hobgoblins
  3 bats
  2 rats (D:2)
32 creatures vanquished.

Vanquished Creatures (collateral kills)
  Erica (D:8)
  Pikel (D:7)
  Maurice (D:8)
  A hungry ghost (D:9)
  Edmund (D:5)
  An orc warrior (D:7)
  A black bear (D:8)
  An ice beast (D:6)
  A phantom (D:6)
  6 ogres
  A slave (D:7)
  3 centaurs
  A big kobold (D:8)
  3 bullfrogs
  4 killer bees (D:8)
  13 wights
  4 howler monkeys
  2 centaur zombies
  3 crimson imps
  5 orc priests
  3 jellies
  2 hounds
  An iguana (D:7)
  2 bullfrog skeletons
  9 orc wizards
  5 worker ants
  A hound zombie (D:7)
  A howler monkey zombie (D:6)
  7 adders
  2 gnolls (D:3)
  A shadow imp (D:6)
  3 adder skeletons
  5 worms
  2 dart slugs
  4 leopard geckos
  26 orcs
  A ball python (D:3)
  2 giant cockroaches
  12 goblins
  5 hobgoblins
  A quokka (D:6)
  4 bats
  3 frilled lizards
  11 kobolds
  A leopard gecko skeleton (D:7)
  6 rats
174 creatures vanquished.

Vanquished Creatures (others)
  A slave (D:7)
  A gnoll (D:3)
2 creatures vanquished.

Grand Total: 208 creatures vanquished

Notes
Turn   | Place    | Note
-------+----------+-------------------------------------------
     0 | D:1      | vatarom the Deep Elf Summoner began the quest for the Orb.
     0 | D:1      | Reached XP level 1. HP: 10/10 MP: 6/6
   579 | D:1      | Reached XP level 2. HP: 9/16 MP: 5/8
   753 | D:1      | Learned a level 2 spell: Call Imp
  1151 | D:2      | Reached skill level 5 in Summonings
  1317 | D:2      | Reached XP level 3. HP: 11/20 MP: 4/9
  1672 | D:2      | Reached skill level 1 in Fighting
  1796 | D:2      | Learned a level 3 spell: Call Canine Familiar
  2013 | D:3      | Reached XP level 4. HP: 24/25 MP: 4/11
  2022 | D:3      | Gained mutation: Your muscles are strong. (Str +2) [potion of mutation]
  2022 | D:3      | Gained mutation: Your flesh is heat resistant. (rF+) [potion of mutation]
  2166 | D:3      | Learned a level 4 spell: Summon Lightning Spire
  2916 | D:3      | Found a white marble altar of Elyvilon.
  3574 | D:4      | Reached XP level 5. HP: 29/29 MP: 9/13
  3588 | D:4      | Reached skill level 1 in Air Magic
  3958 | D:4      | Found a radiant altar of Vehumet.
  4050 | D:4      | Noticed an ogre
  4072 | D:4      | Killed an ogre
  4167 | D:4      | Found a glowing golden altar of the Shining One.
  4268 | D:4      | Reached skill level 6 in Summonings
  4268 | D:4      | Reached XP level 6. HP: 35/35 MP: 15/15
  4284 | D:4      | Found a shimmering altar of Xom.
  4290 | D:4      | Found a glowing golden altar of the Shining One.
  4458 | D:5      | Entered Level 5 of the Dungeon
  4542 | D:5      | Noticed Edmund
  4559 | D:5      | Killed Edmund
  4559 | D:5      | Reached skill level 5 in Spellcasting
  4935 | D:5      | Found a hazy altar of Hepliaklqana.
  4935 | D:5      | Found a snail-covered altar of Cheibriados.
  4935 | D:5      | Found a glowing silver altar of Zin.
  5211 | D:6      | Got a transparent mace
  5212 | D:6      | Identified the +8 mace "Gegi Holia" {drain, Dex+4} (You found it on level 6 of the Dungeon)
  5233 | D:6      | Found a shadowy altar of Dithmenos.
  5318 | D:6      | Noticed an ice beast
  5373 | D:6      | Killed an ice beast
  5373 | D:6      | Reached XP level 7. HP: 31/40 MP: 2/17
  5507 | D:6      | Found a staircase to the Ecumenical Temple.
  5509 | D:6      | Reached skill level 7 in Summonings
  6113 | D:6      | Learned a level 4 spell: Summon Ice Beast
  6532 | D:7      | Reached skill level 8 in Summonings
  6578 | D:7      | Reached XP level 8. HP: 41/46 MP: 3/19
  6948 | D:7      | Reached skill level 9 in Summonings
  7107 | D:7      | Found a hide-covered altar of Uskayaw.
  7207 | D:7      | Noticed Pikel
  7234 | D:7      | Killed Pikel
  7338 | D:7      | Found an ornate altar of the Wu Jian Council.
  8035 | D:8      | Noticed Erica
  8050 | D:8      | Killed Erica
  8050 | D:8      | Reached skill level 10 in Summonings
  8050 | D:8      | Reached XP level 9. HP: 52/52 MP: 8/23
  8315 | D:8      | Found a flagged portal.
  8324 | Bailey   | Entered a bailey
  8332 | Bailey   | Noticed an orc knight
  8334 | Bailey   | Noticed an orc knight
  8530 | D:8      | Found a shattered altar of Ashenzari.
  8555 | D:8      | Reached skill level 5 in Fighting
  8759 | D:8      | Found a stormy altar of Qazlal.
  8803 | D:8      | Noticed Maurice
  9048 | D:8      | Killed Maurice
  9230 | D:9      | Found an ancient bone altar of Kikubaaqudgha.
  9327 | D:9      | Noticed Joseph
  9340 | D:9      | Shot with a sling bullet by Joseph

Skill      XL: |  1  2  3  4  5  6  7  8  9 |
---------------+----------------------------+-----
Summonings     | 5 6 8 10 | 10.8
Fighting       | 1 2 3 4 5 |  5.2
Spellcasting   | 4 5 6 8 9 |  9.0
Air Magic      | 2 |  2.1
Dodging        | |  2.4
Stealth        | |  2.4

Action                   |  1- 3 |  4- 6 |  7- 9 || total
-------------------------+-------+-------+-------++-------
Melee: Dagger            |    70 |       |       ||    70
       Unarmed           |     6 |       |       ||     6
       Short sword       |    16 |    28 |       ||    44
       Mace              |       |     5 |    32 ||    37
       Staff             |       |       |    18 ||    18
 Cast: Summon Small Mamm |    23 |       |       ||    23
       Call Imp          |    18 |    10 |     3 ||    31
       Call Canine Famil |     4 |    18 |    25 ||    47
       Summon Lightning  |       |    20 |    39 ||    59
       Summon Ice Beast  |       |       |    25 ||    25
  Use: Scroll            |     4 |     8 |     5 ||    17
       Potion            |       |     8 |     1 ||     9
 Stab: Sleeping          |     2 |       |       ||     2
       Distracted        |     1 |       |     1 ||     2
  Eat: Chunk             |     2 |    11 |    15 ||    28
       Ration            |     1 |     1 |     2 ||     4
Armor: Robe              |    31 |     4 |    27 ||    62
Dodge: Dodged            |    91 |    28 |    66 ||   185
